 Dungeon Crawl Stone Soup version 0.31-a0-198-g2ad674f65e (webtiles) character file.

Game seed: 10536224472471239283

207 qw the Skirmisher (level 5, -8/29 HPs)
             Began as a Deep Elf Hunter on June 25, 2023.
             Mangled by an orc warrior
             ... wielding a +0 hand axe
              (11 damage)
             ... on level 5 of the Dungeon.
             The game lasted 00:01:14 (2960 turns).

qw the Skirmisher (Deep Elf Hunter)                 Turns: 2960, Time: 00:01:15

Health: -8/29      AC:  6    Str:  9 (10) XL:     5   Next: 54%
Magic:  7/7        EV: 11    Int: 12      God:
Gold:   224        SH:  0    Dex: 18      Spells: 4/4 levels left

rFire   + . .        Y - +0 shortbow
rCold   . . .        (shield currently unavailable)
rNeg    . . .        k - +0 ring mail
rPois   .            e - +0 helmet
rElec   .            (no cloak)
rCorr   .            (no gloves)
SInv    .            (no boots)
Will    .....        (no amulet)
Stlth   +            h - ring of protection from fire
HPRegen 0.24/turn    (no ring)
MPRegen 0.10/turn

%: no passive effects
@: about to teleport
A: dopey 1, MP-powered wands
a: no special abilities


You were on level 5 of the Dungeon.
You visited 1 branch of the dungeon, and saw 5 of its levels.

You collected 224 gold pieces.


Innate Abilities, Weirdness & Mutations

You are dopey. (Int -2)
You expend magic power (3 MP) to strengthen your wands.


   Skills:
 + Level 1.6 Fighting
 - Level 9.0 Ranged Weapons
 - Level 2.4 Dodging
 - Level 1.2 Stealth


You had 4 spell levels left.
You didn't know any spells.
Your spell library was empty.

Inventory:

Hand Weapons
 Y - a +0 shortbow (weapon)
Armour
 e - a +0 helmet (worn)
 k - a +0 ring mail (worn)
Jewellery
 h - a ring of protection from fire (left hand)
Scrolls
 a - a scroll of identify
Potions
 b - 2 potions of curing
 g - a potion of mutation
 i - a potion of invisibility {unknown}
 l - a potion of enlightenment {unknown}

Dungeon Overview and Level Annotations

Branches:
Dungeon (5/15)
 Temple: D:4-7

Altars:
Ashenzari
Cheibriados
Elyvilon
Gozag
Hepliaklqana
Makhleb
Nemelex Xobeh
Qazlal
Sif Muna
Vehumet
Xom
Yredelemnul
Zin
The Shining One

Shops:
D:1 [=   D:3 (


Message History

An orc wizard comes into view. It is wielding a +0 dagger.
You shoot an arrow. The arrow hits the orc warrior.
The orc warrior is heavily wounded.
The orc warrior closely misses you.
You shoot an arrow. The arrow hits the orc warrior!
The orc warrior is almost dead.
An orc wizard comes into view. It is wielding a +0 dagger.
The orc warrior hits you with a +0 hand axe.
The orc wizard gestures at you while chanting.
You resist with some effort.
The orc warrior hits you with a +0 hand axe.
You shoot an arrow.
The arrow hits the orc warrior but does no damage.
The orc warrior is almost dead.
The orc wizard casts a spell at you. The puff of flame hits you. You resist.
You shoot an arrow.
The arrow closely misses the orc warrior.
The orc wizard hits you but does no damage.
The orc warrior hits you with a +0 hand axe!
You shoot an arrow.
The arrow hits the orc warrior but does no damage.
The orc warrior is almost dead.
The orc wizard points at you and mumbles some strange words.
You resist with some effort.
The orc warrior hits you with a +0 hand axe.
The orc wizard hits you but does no damage.
You shoot an arrow.
The arrow hits the orc warrior but does no damage.
The orc warrior is almost dead.
The orc wizard hits you with a +0 dagger.
The orc wizard gestures at you while chanting.
You resist with some effort.
The orc warrior hits you with a +0 hand axe.
2960 ||| READING scroll of teleportation.
As you read the scroll of teleportation, it crumbles to dust.
You feel strangely unstable.
The orc wizard hits you but does no damage.
The orc warrior hits you with a +0 hand axe!
You die...

.... #.....# #..
#...##.....#
#..##...##.....#
...............#
...............#
...............#
...............#
..........@o..!#
.......<).oo...#
#..####+####...#
...# ..# ..# .#
.#


You could see an orc warrior and 2 orc wizards.

Vanquished Creatures
  An orc priest (D:4)
  A statue (D:4)
  5 adders
  2 worms (D:2)
  3 dart slugs
  3 orcs
  10 ball pythons
  5 endoplasms
  2 giant cockroaches
  11 goblins
  11 hobgoblins
  4 jackals (D:1)
  9 kobolds
  4 quokkas
  7 bats
  4 frilled lizards
  7 rats
89 creatures vanquished.

Notes
Turn   | Place    | Note
-------+----------+-------------------------------------------
     0 | D:1      | qw the Deep Elf Hunter began the quest for the Orb.
     0 | D:1      | Reached XP level 1. HP: 12/12 MP: 3/3
     0 | D:1      | 0 ||| qw: Version: 0.3-a-22-g0ed2b0b
     0 | D:1      | 0 ||| qw: Game counter: 5324
     0 | D:1      | 0 ||| qw: Melee chars always use a shield: true
     0 | D:1      | 0 ||| qw: God list: Okawaru
     0 | D:1      | 0 ||| qw: Allow faded altars: false
     0 | D:1      | 0 ||| qw: Do Orc after clearing Dungeon:15 true
     0 | D:1      | 0 ||| qw: Do second Lair branch before Depths: true
     0 | D:1      | 0 ||| qw: Lair rune preference: random
     0 | D:1      | 0 ||| qw: Goals: Normal
     0 | D:1      | 0 ||| PLANNING D:1-11
   110 | D:1      | Reached XP level 2. HP: 16/16 MP: 4/4
   132 | D:1      | 132 ||| Stepping ~*~*~tactically~*~*~ (outnumbered).
   137 | D:1      | Reached skill level 6 in Ranged Weapons
   177 | D:1      | Found Toppoz's Antique Armour Emporium.
   186 | D:1      | 186 ||| SHOPLISTING pair of boots (76 gold, have 13).
   186 | D:1      | 186 ||| SHOPLISTING runed scarf (136 gold, have 13).
   359 | D:1      | Found Osiacs's Jewellery Emporium.
   367 | D:1      | 367 ||| SHOPLISTING +5 ring of evasion (396 gold, have 25).
   367 | D:1      | 367 ||| SHOPLISTING +6 ring of dexterity (396 gold, have
                  | 25).
   367 | D:1      | 367 ||| SHOPLISTING amulet "Onya" {Acrobat Dex+4} (499
                  | gold, have 25).
   367 | D:1      | 367 ||| SHOPLISTING amulet of faith (440 gold, have 25).
   367 | D:1      | 367 ||| SHOPLISTING ring of protection from cold (275 gold,
                  | have 25).
   367 | D:1      | 367 ||| SHOPLISTING ring of protection from fire (275 gold,
                  | have 25).
   392 | D:1      | Reached XP level 3. HP: 20/20 MP: 5/5
   723 | D:1      | 723 ||| UPGRADING to +0 helmet.
   728 | D:1      | 728 ||| UPGRADING to +0 ring mail.
   738 | D:1      | 738 ||| DROPPING +0 leather armour.
   739 | D:1      | 739 ||| READING scroll labelled ZOEJAI ORHIO.
   742 | D:1      | 742 ||| READING scroll labelled HOMYKHLECEA BAOFON.
   743 | D:1      | 743 ||| READING scroll labelled YNYH PUAHU.
   744 | D:1      | 744 ||| DRINKING 2 viscous white potions.
   745 | D:1      | 745 ||| DRINKING 2 emerald potions.
   746 | D:1      | 746 ||| DROPPING scroll of butterflies.
   747 | D:1      | 747 ||| DROPPING potion of degeneration.
   749 | D:1      | 749 ||| Stepping ~*~*~tactically~*~*~ (cloud).
   749 | D:1      | HP: 5/20 [poisoned by you (poison gas)]
   750 | D:1      | 750 ||| DRINKING potion of curing.
   750 | D:1      | 750 ||| (to cure poison)
   822 | D:2      | 822 ||| STAIRDANCE
   981 | D:2      | Reached skill level 7 in Ranged Weapons
  1247 | D:2      | Reached XP level 4. HP: 23/25 MP: 6/6
  1466 | D:2      | 1466 ||| UPGRADING to ring of protection from fire.
  1467 | D:2      | 1467 ||| READING scroll labelled JISHI SO XUQ.
  1511 | D:2      | 1511 ||| READING scroll labelled PEEZXU ELUO.
  1512 | D:2      | 1512 ||| READING scroll labelled OBUBUOL DUUV.
  1613 | D:3      | Found a faded altar of an unknown god.
  1676 | D:3      | Found Vas Arur's Weapon Shoppe.
  1700 | D:3      | Reached skill level 8 in Ranged Weapons
  1703 | D:3      | 1703 ||| SHOPLISTING +2 arbalest of draining (221 gold,
                  | have 185).
  1742 | D:3      | Found a white marble altar of Elyvilon.
  1746 | D:3      | Found a burning altar of Makhleb.
  1750 | D:3      | Found a shimmering blue altar of Sif Muna.
  1750 | D:3      | Found a basalt altar of Yredelemnul.
  1750 | D:3      | Found a sparkling altar of Nemelex Xobeh.
  1750 | D:3      | Found a hazy altar of Hepliaklqana.
  1750 | D:3      | Found a glowing silver altar of Zin.
  1751 | D:3      | Found a stormy altar of Qazlal.
  1752 | D:3      | Found a glowing golden altar of the Shining One.
  1753 | D:3      | Found a snail-covered altar of Cheibriados.
  1754 | D:3      | Found a broken altar of Ashenzari.
  1755 | D:3      | Found an opulent altar of Gozag.
  1951 | D:3      | 1951 ||| READING scroll labelled SAPIEZ UMNOIMA.
  1952 | D:3      | 1952 ||| READING scroll labelled BADAOXK VOUXAXOL.
  1953 | D:3      | 1953 ||| READING scroll labelled KIOJ HIAMEHAP.
  1954 | D:3      | 1954 ||| DRINKING 2 fuming orange potions.
  1954 | D:3      | Gained mutation: You are dopey. (Int -2) [potion of
                  | mutation]
  1954 | D:3      | Gained mutation: You expend magic power (3 MP) to
                  | strengthen your wands. [potion of mutation]
  2033 | D:4      | Found a radiant altar of Vehumet.
  2033 | D:4      | Noticed a frost-covered statue
  2038 | D:4      | Killed a frost-covered statue
  2039 | D:4      | Reached XP level 5. HP: 29/29 MP: 7/7
  2405 | D:4      | Found a shimmering altar of Xom.
  2494 | D:4      | Reached skill level 9 in Ranged Weapons
  2932 | D:4      | 2932 ||| READING scroll labelled MAIPPY WISTICA.
  2943 | D:5      | Entered Level 5 of the Dungeon
  2951 | D:5      | Noticed an orc warrior
  2959 | D:5      | HP: 6/29 [orc wizard/+0 dagger (2)]
  2960 | D:5      | 2960 ||| READING scroll of teleportation.
  2960 | D:5      | Mangled by an orc warrior

Levels and vault maps discovered:
D:1:      amcnicky_arrival_gap_in_the_tavern_cellar, layout_loops_ring,
          serial_shops, shop, nicolae_shop_peninsula, serial_glass,
          glass_columns_b, glass_columns_a, item_on_display_a,
          item_on_display_a, feat_on_display
D:2:      cheibrodos_greedy_goblins, layout_basic, hex_medium,
          nrook_mini_backslash
D:3:      layout_basic, minitemple, serial_shops, shop,
          hellmonk_ecumenical_altar_lost_god, feat_on_display
D:4:      layout_basic, mainiacjoe_overflow_paths, vehumet_statue,
          minmay_goblin_outpost
D:5:      layout_gridville, gammafunk_ghost_mausoleum

Skill      XL: |  1  2  3  4  5 |
---------------+----------------+-----
Ranged Weapons | 6 7 8 9 |  9.0
Fighting       | |  1.6
Dodging        | |  2.4
Stealth        | |  1.2

Action                     |  1- 3 |  4- 6 || total
---------------------------+-------+-------++-------
   Fire: Shortbow          |   147 |   140 ||   287
    Use: Scroll            |     3 |     8 ||    11
         Potion            |     3 |     1 ||     4
 Armour: Leather armour    |    18 |       ||    18
         Ring mail         |    17 |    35 ||    52
  Dodge: Dodged            |    40 |    42 ||    82

Table legend:
 A = Non-vault XP
 B = Vault XP
 C = Vault XP percentage of total XP
 D = Non-vault monster count
 E = Vault monster count
 F = Vault count percentage of total count
                 A         B        C        D         E       F
            +---------+---------+-------+---------+---------+-------
      Total |     243 |      53 |  17.9 |      77 |      12 |  13.5
            +---------+---------+-------+---------+---------+-------
        D:1 |      52 |       0 |   0.0 |      33 |       0 |   0.0
        D:2 |      60 |       8 |  11.8 |      17 |       4 |  19.0
        D:3 |      48 |       0 |   0.0 |      15 |       0 |   0.0
        D:4 |      80 |      45 |  36.0 |      11 |       8 |  42.1
        D:5 |       3 |       0 |   0.0 |       1 |       0 |   0.0
            +---------+---------+-------+---------+---------+-------
